 Dungeon Sprint DCSS version 0.20-a0-223-g066d66b (webtiles) character file.

138 Dfrag the Skirmisher (level 5, -2/55 HPs)
             Began as a Gargoyle Berserker on Nov 30, 2016.
             Was a Priest of Trog.
             Slain by a quokka (4 damage)
             ... in the Dungeon (Sprint IX: "|||||||||||||||||||||||||||||").
             The game lasted 00:00:15 (160 turns).

Dfrag the Skirmisher (Gargoyle Berserker)            Turns: 160, Time: 00:00:16

Health: -2/55      AC:  6    Str: 26    XL:     5   Next: 21%
Magic:  5/5        EV: 13    Int:  7    God:    Trog [***...]
Gold:   0          SH:  0    Dex: 10    Spells: 4/4 levels left

rFire  . . .     SeeInvis .     a - +0 mace
rCold  . . .     Gourm    .     b - +0 animal skin
rNeg   + . .     Faith    .     (no shield)
rPois  ∞         Spirit   .     (no helmet)
rElec  +         Reflect  .     (no cloak)
rCorr  .         Harm     .     (no gloves)
MR     .....     NoTele   +     (no boots)
Stlth  ..........               (no amulet)
                                (no ring)
                                (no ring)

@: berserking (expiring), very quick
A: negative energy resistance 1, electricity resistance, unbreathing,
petrification resistance, rot immunity, AC +4
a: Berserk, Trog's Hand, Burn Spellbooks, Renounce Religion


You were in the Dungeon.
You worshipped Trog.
Trog was most pleased with you.
You were not hungry.

You visited 1 branch

Inventory:

Hand Weapons
 a - a +0 mace (weapon)
Armour
 b - a +0 animal skin (worn)
Scrolls
 i - a scroll of blinking
Potions
 d - a potion of curing
 e - a potion of heal wounds
 f - a potion of haste
 g - 2 potions of magic
 h - a potion of berserk rage
Comestibles
 c - a bread ration


   Skills:
 + Level 6.3 Fighting
 + Level 5.7 Maces & Flails
 + Level 5.9 Armour
 + Level 4.3 Dodging


You had 4 spell levels left.
You didn't know any spells.

Dungeon Overview and Level Annotations

Branches:
Dungeon (1/1)

Altars:


Innate Abilities, Weirdness & Mutations

You are resistant to torment.
Your stone body is resilient. (AC +4)
You are immune to poison.
You resist negative energy. (rN+)
You are resistant to electric shocks. (rElec)
You can survive without breathing.
You are immune to petrification.
You are immune to rotting.


Message History

You are too injured to fight recklessly!
You are too injured to fight recklessly!
You are too injured to fight recklessly!
You are too injured to fight recklessly!
You are too injured to fight recklessly!
Unknown command.
You hit the ice beast.
The ice beast is severely wounded.
You thump the ice beast!
You kill the ice beast!
Trog accepts your kill.
Your Fighting skill gained 2 levels and is now at level 6!
Your Maces & Flails skill increases to level 5!
Your Armour skill increases to level 5!
Your Dodging skill increases to level 4!
You have reached level 4!
You feel stronger.
You have reached level 5!
You barely miss the quokka. The quokka bites you.
You die... ▓▓▓▓▓▓▓▓▓▓▓▓▓▓▓▓▓▓ ▓<...†....@ra....+ ▓▓▓▓▓▓▓▓▓▓▓▓▓▓▓▓▓▓

You could see a worker ant and a quokka.

Vanquished Creatures
  An ice beast (D)
  An orc wizard (D)
  An adder (D)
  An ooze (D)
  A giant cockroach (D)
  A goblin (D)
  A frilled lizard (D)
  A rat (D)
8 creatures vanquished.

Notes
Turn   | Place    | Note
-------+----------+-------------------------------------------
     0 | D        | Dfrag the Gargoyle Berserker began the quest for the Orb.
     0 | D        | Reached XP level 1. HP: 14/14 MP: 1/1
    13 | D        | Reached ** piety under Trog
    17 | D        | Reached XP level 2. HP: 15/20 MP: 2/2
   143 | D        | Noticed an ice beast
   151 | D        | Reached *** piety under Trog
   151 | D        | Reached skill level 4 in Fighting
   151 | D        | Reached XP level 3. HP: 24/24 MP: 3/3
   157 | D        | HP: 1/37 [ice beast (11)]
   159 | D        | Killed an ice beast
   159 | D        | Reached skill level 6 in Fighting
   159 | D        | Reached skill level 5 in Maces & Flails
   159 | D        | Reached skill level 5 in Armour
   159 | D        | Reached XP level 4. HP: 2/32 MP: 4/4
   159 | D        | Reached XP level 5. HP: 2/37 MP: 5/5
   160 | D        | Slain by a quokka

Vault maps used:
D:        linesprint

Skill      XL: |  1  2  3 |
---------------+----------+-----
Armour         | 3 4 5 |  5.9
Dodging        | 2 3 4 |  4.3
Fighting       | 4 6 |  6.3
Maces & Flails | 4 5 |  5.7

Action                   |  1- 3 |  4- 6 || total
-------------------------+-------+-------++-------
Melee: Mace              |    37 |     1 ||    38
Invok: Berserk           |     1 |       ||     1
Armor: Animal skin       |     5 |       ||     5
Dodge: Dodged            |    18 |       ||    18
